 Dungeon Crawl Stone Soup version 0.24.0-13-gcf9b3192b9 (webtiles) character file.

Game seed: 788351950707201729, levelgen mode: deterministic

364 PentaManta the Bolt Thrower (level 7, 0/41 HPs)
             Began as a Kobold Hunter on Nov 8, 2019.
             Splashed by a jelly's acid (3 damage)
             ... on level 5 of the Dungeon.
             The game lasted 00:15:57 (3803 turns).

PentaManta the Bolt Thrower (Kobold Hunter)         Turns: 3803, Time: 00:15:57

Health: 0/41       AC:  2    Str: 12    XL:     7   Next: 0%
Magic:  16/16      EV: 15    Int: 12    God:
Gold:   232        SH:  0    Dex: 15    Spells: 6/6 levels left

rFire    . . .     SeeInvis .   b - +0 short sword
rCold    . . .     Gourm    .   (shield restricted)
rNeg     . . .     Faith    .   t - +1 ring mail
rPois    .         Spirit   .   (no helmet)
rElec    .         Reflect  .   (no cloak)
rCorr    .         Harm     +   (no gloves)
MR       .....                  (no boots)
Stlth    ++........             j - amulet of harm
HPRegen  0.13/turn              r - ring of magical power
MPRegen  0.15/turn              (no ring)

@: lethally poisoned (0 -> -2), corroded, berserk cooldown, starving, slowed,
very slow
A: small, carnivore
a: no special abilities


You were on level 5 of the Dungeon.
You were starving.

You visited 1 branch of the dungeon, and saw 6 of its levels.

You collected 232 gold pieces.

Inventory:

Hand Weapons
 a - a +2 hand crossbow
 b - a +0 short sword (weapon)
Missiles
 d - 23 bolts
 h - 10 boomerangs (quivered)
Armour
 t - a +1 ring mail (worn)
Jewellery
 j - an amulet of harm (around neck)
 r - a ring of magical power (left hand)
Scrolls
 c - 2 scrolls of fog
 e - a scroll of remove curse
 i - a scroll of enchant armour
 k - a scroll of enchant weapon
 l - 3 scrolls of identify
Potions
 n - a potion of ambrosia
 s - a potion of lignification
Comestibles
 f - 7 rations


   Skills:
 - Level 3.1 Fighting
 - Level 2.6 Short Blades
 * Level 6.9 Crossbows
 * Level 4.6 Dodging
 + Level 3.5 Stealth


You had 6 spell levels left.
You didn't know any spells.
Your spell library was empty.

Dungeon Overview and Level Annotations

Branches:
Dungeon (6/15)
 Temple: D:4-7

Altars:
Dithmenos
Nemelex Xobeh
Qazlal
Sif Muna


Innate Abilities, Weirdness & Mutations

You are small and have problems with some larger weapons.
You are carnivorous and can eat meat at any time.


Message History

The adder bites you but does no damage. The jelly barely misses you.
The jackal bites you.
You hit the jelly but do no damage.
Your hands burn!
* * * LOW HITPOINT WARNING * * *
You feel sick. The adder misses you.
An adder comes into view.
The jackal closely misses you. The jelly barely misses you.
The adder misses you.
An orc wizard comes into view. It is wielding a +0 dagger.
The jackal completely misses you. The jelly hits you but does no damage.
The adder hisses angrily.
You hit the jelly.
Your hands burn!
* * * LOW HITPOINT WARNING * * *
The jelly is lightly wounded.
The adder closely misses you. The jackal closely misses you.
The adder barely misses you. The jelly barely misses you.
An orc comes into view.
It is wielding a +2 vampiric short sword.
The jackal barely misses you.
You hit the jelly but do no damage.
Your hands burn!
You die... #. ###### o# ...... o. ...... o## ...... oc#

...... #Z#
...... #J#
...... #@##
...... #Sh#
######
####Y# #
#######
#....# .#
#.....#
#...Y##.#
###.⌠.⌠.#
#...S...#
....._..#
#...#o###
....⌠.⌠#
#...#.o####
o.....##
#.........#


You could see an ice beast, a sky beast, a centaur, a jelly, an orc priest, an
orc wizard, 2 adders, 4 orcs, a quokka zombie and a jackal.

Vanquished Creatures
  A centaur skeleton (D:4)
  3 orc priests (D:3)
  2 orc wizards (D:3)
  5 adders
  3 gnolls (D:4)
  2 oozes (D:1)
  4 worms
  4 dart slugs
  3 leopard geckos
  11 orcs
  8 bats
  2 giant cockroaches (D:1)
  7 goblins
  4 hobgoblins
  7 jackals
  3 kobolds
  A quokka (D:2)
  2 frilled lizards
  6 rats
78 creatures vanquished.

Notes
Turn   | Place    | Note
-------+----------+-------------------------------------------
     0 | D:1      | PentaManta the Kobold Hunter began the quest for the Orb.
     0 | D:1      | Reached XP level 1. HP: 12/12 MP: 1/1
   207 | D:1      | Reached XP level 2. HP: 18/18 MP: 2/2
   210 | D:1      | Reached skill level 5 in Crossbows
   256 | D:1      | Reached skill level 1 in Short Blades
   584 | D:1      | Reached XP level 3. HP: 20/22 MP: 3/3
  1152 | D:2      | Found a stormy altar of Qazlal.
  1237 | D:2      | Reached XP level 4. HP: 13/27 MP: 4/4
  1637 | D:2      | Found a shadowy altar of Dithmenos.
  2299 | D:3      | Reached XP level 5. HP: 32/32 MP: 5/5
  2448 | D:3      | Reached skill level 6 in Crossbows
  2460 | D:3      | Reached XP level 6. HP: 26/37 MP: 6/6
  3155 | D:3      | Found a shimmering blue altar of Sif Muna.
  3480 | D:4      | You fall into a shaft and drop 2 floors!
  3514 | D:5      | Entered Level 5 of the Dungeon
  3514 | D:5      | Noticed an ogre
  3530 | D:5      | Found a sparkling altar of Nemelex Xobeh.
  3765 | D:5      | Noticed an ice beast
  3775 | D:5      | Noticed a sky beast
  3797 | D:5      | Reached XP level 7. HP: 41/41 MP: 7/7
  3803 | D:5      | Splashed by a jelly's acid

Levels and vault maps discovered:
D:1:      dpeg_arrival_court, layout_basic, hangedman_feature_mirror
D:2:      layout_basic, nicolae_overflow_hidden_temple,
          nicolae_qazlal_general_emergency
D:3:      layout_loops_ring, lemuel_doored_altar,
          minmay_randomly_rotated_circles
D:4:      layout_loops_ring, nicolae_ashenzari_panopticon, first_ration,
          guppyfry_shop_venom
D:5:      layout_basic, eat_drink_and_be_merry_uskayaw,
          nicolae_gozag_seed_capital, nemelex_xobeh_ov_fountains_minmay,
          kennysheep_little_box, minmay_temple_entry_glassed_door
D:6:      layout_basic, portal_sewer_entry_f, hex_intersection, uniq_eustachio

Skill      XL: |  1  2  3  4  5  6 |
---------------+-------------------+-----
Crossbows      | 5 6 |  6.9
Short Blades   | 1 2 |  2.6
Dodging        | 3 4 |  4.6
Fighting       | 3 |  3.1
Stealth        | 2 3 |  3.5

Action                   |  1- 3 |  4- 6 |  7- 9 || total
-------------------------+-------+-------+-------++-------
Melee: Short sword       |    86 |   121 |     6 ||   213
       Hand crossbow     |       |     1 |       ||     1
 Fire: Hand crossbow     |    13 |    70 |       ||    83
Throw: Stone             |     3 |       |       ||     3
       Boomerang         |     3 |       |       ||     3
  Use: Scroll            |       |    12 |       ||    12
       Potion            |       |     2 |       ||     2
 Stab: Sleeping          |     2 |     1 |       ||     3
  Eat: Chunk             |     3 |     4 |       ||     7
Armor: Leather armour    |    28 |    18 |       ||    46
       Ring mail         |       |    26 |     3 ||    29
Dodge: Dodged            |    85 |   144 |    23 ||   252
